SAA
LANNISTER UNITED LIONHEARTS @ REMSEN ALPHAS
09/15/2019
 
TOP OF THE 1ST
Lannister United Lionhearts batting - Pitching for Remsen Alphas : RHP Mark Bell
Pitching: RHP Mark Bell
Batting: RHB Jean Chamissa 0-0: SINGLE (Flyball, 78S)
Batting: RHB Jonathan Widdop 0-0: Called Strike
0-1: Foul Ball, location: 2F
0-2: Strikes out looking
Batting: RHB José Muñóz 0-0: DOUBLE (Line Drive, 5D)
Jean Chamissa to third
Runner from 3rd tries for Home, SAFE, no throw or cutoff
Batting: LHB António Rivera 0-0: Swinging Strike
0-1: Fly out, F7 (Line Drive, 78M)
Batting: RHB Andrew Weeks 0-0: Ball
1-0: Ball
2-0: Ball
3-0: Foul Ball, location: 2F
3-1: Foul Ball, location: 2F
3-2: Foul Ball, location: 2F
3-2: SINGLE (Groundball, 6S)
José Muñóz to third
José Muñóz scores
Batting: RHB Jeffery Campbell 0-0: Ball
1-0: Called Strike
1-1: Ball
2-1: Foul Ball, location: 2F
2-2: Strikes out swinging
Top of the 1st over - 2 run(s), 3 hit(s), 0 error(s), 1 left on base; Lannister United 2 - Remsen 0
BOTTOM OF THE 1ST
Remsen Alphas batting - Pitching for Lannister United Lionhearts : RHP Enrique García
Pitching: RHP Enrique García
Batting: RHB Juan Salinas 0-0: Ball
1-0: Fly out, F3 (Popup, 3F)
Batting: SHB Cliff Hale 0-0: Called Strike
0-1: Fly out, F7 (Flyball, 7M)
Batting: RHB Manuel Martínez 0-0: Swinging Strike
0-1: Swinging Strike
0-2: Foul Ball, location: 2F
0-2: Ball
1-2: Ball
2-2: Ball
3-2: Foul Ball, location: 2F
3-2: Foul Ball, location: 2F
3-2: Foul Ball, location: 2F
3-2: Ground out 1-3 (Groundball, 15)
Bottom of the 1st over - 0 run(s), 0 hit(s), 0 error(s), 0 left on base; Lannister United 2 - Remsen 0
TOP OF THE 2ND
Lannister United Lionhearts batting - Pitching for Remsen Alphas : RHP Mark Bell
Batting: RHB Michael Hicks 0-0: Ball
1-0: Foul Ball, location: 2F
1-1: Ball
2-1: Ball
3-1: SINGLE (Groundball, 56D)
Batting: RHB Arturo Read 0-0: Ball
1-0: Swinging Strike
1-1: Fly out, F8 (Flyball, 8RM)
Batting: RHB Adrian Barr 0-0: SINGLE (Groundball, 6)
Michael Hicks to second
Batting: RHB Jean Chamissa 0-0: Ball
1-0: DOUBLE (Line Drive, 3D)
Michael Hicks scores
Adrian Barr to third
Runner from 3rd tries for Home, SAFE, throw made home
Batting: RHB Jonathan Widdop 0-0: Called Strike
0-1: Ball
1-1: DOUBLE (Flyball, 89M)
Jean Chamissa scores
Pitching: RHP Robby McDonald
Batting: RHB José Muñóz 0-0: Ball
1-0: Called Strike
1-1: Ball
2-1: Ball
3-1: Called Strike
3-2: Base on Balls
Batting: LHB António Rivera 0-0: Ball
1-0: DOUBLE (Line Drive, 9LS)
Jonathan Widdop scores
José Muñóz to third
Runner from 3rd tries for Home, SAFE, no throw or cutoff
Batting: RHB Andrew Weeks 0-0: Ball
1-0: Called Strike
1-1: Ball
2-1: Ball
3-1: Base on Balls
Batting: RHB Jeffery Campbell 0-0: Ball
António Rivera steals 3rd base
Andrew Weeks to second
1-0: Ball
2-0: Foul Ball, location: 2F
2-1: Foul Ball, location: 2F
2-2: Ball
3-2: Base on Balls
Batting: RHB Michael Hicks 0-0: Called Strike
0-1: Reached on error, E6 (Groundball, 56)
António Rivera scores
Andrew Weeks to third
Jeffery Campbell to second
Batting: RHB Arturo Read 0-0: Ball
1-0: Foul Ball, location: 2F
1-1: Ball
2-1: Called Strike
2-2: Foul Ball, location: 2F
2-2: SINGLE (Groundball, 3D)
Andrew Weeks scores
Jeffery Campbell to third
Michael Hicks to second
Pitching: RHP Terao Kondo
Batting: RHB Adrian Barr 0-0: Ball
1-0: Ball
2-0: Ball
3-0: Base on Balls
Jeffery Campbell scores
Michael Hicks to third
Arturo Read to second
Batting: RHB Jean Chamissa 0-0: Ball
Wild Pitch!
Michael Hicks scores
Arturo Read to third
Adrian Barr to second
1-0: Ball
2-0: Ball
3-0: Foul Ball, location: 2F
3-1: Base on Balls
Batting: RHB Jonathan Widdop 0-0: Ground out 3-1 (Groundball, 34S)
Arturo Read scores
Adrian Barr to third
Jean Chamissa to second
Batting: RHB José Muñóz 0-0: Called Strike
0-1: Ball
1-1: Swinging Strike
1-2: Ball
2-2: Strikes out swinging
Top of the 2nd over - 10 run(s), 6 hit(s), 1 error(s), 2 left on base; Lannister United 12 - Remsen 0
BOTTOM OF THE 2ND
Remsen Alphas batting - Pitching for Lannister United Lionhearts : RHP Enrique García
Batting: LHB Scott Britt 0-0: Ball
1-0: Ground out 6-3 (Groundball, 6)
Batting: RHB Francisco García 0-0: Swinging Strike
0-1: Swinging Strike
0-2: Strikes out swinging
Batting: LHB Keith Alexander 0-0: Ball
1-0: Foul Ball, location: 2F
1-1: Swinging Strike
1-2: Ball
2-2: Ball
3-2: Strikes out swinging
Bottom of the 2nd over - 0 run(s), 0 hit(s), 0 error(s), 0 left on base; Lannister United 12 - Remsen 0
TOP OF THE 3RD
Lannister United Lionhearts batting - Pitching for Remsen Alphas : RHP Terao Kondo
Batting: LHB António Rivera 0-0: Called Strike
0-1: Ball
1-1: Called Strike
1-2: Foul Ball, location: 2F
1-2: Ball
2-2: Ball
3-2: Fly out, F4 (Popup, 4)
Batting: RHB Andrew Weeks 0-0: Ball
1-0: Foul Ball, location: 2F
1-1: Swinging Strike
1-2: Strikes out looking
Batting: RHB Jeffery Campbell 0-0: Ball
1-0: Foul Ball, location: 2F
1-1: Foul Ball, location: 2F
1-2: Foul Ball, location: 2F
1-2: Ball
2-2: Foul Ball, location: 2F
2-2: SINGLE (Groundball, 56D)
Batting: RHB Michael Hicks 0-0: SINGLE (Groundball, 34)
Jeffery Campbell to second
Runner from 2nd tries for 3rd, SAFE, throw made to third
Batting: RHB Arturo Read 0-0: Ball
1-0: Ground out U3 (Groundball, 3)
Top of the 3rd over - 0 run(s), 2 hit(s), 0 error(s), 2 left on base; Lannister United 12 - Remsen 0
BOTTOM OF THE 3RD
Remsen Alphas batting - Pitching for Lannister United Lionhearts : RHP Enrique García
Batting: RHB Rafael Canseco 0-0: Ball
1-0: Ball
2-0: Called Strike
2-1: Called Strike
2-2: Strikes out swinging
Batting: RHB José Magana 0-0: Swinging Strike
0-1: Swinging Strike
0-2: Ball
1-2: Strikes out swinging
Batting: SHB Antonio Vaccarini 0-0: Called Strike
0-1: Swinging Strike
0-2: Ball
1-2: Fly out, F2 (Popup, 2RF)
Bottom of the 3rd over - 0 run(s), 0 hit(s), 0 error(s), 0 left on base; Lannister United 12 - Remsen 0
TOP OF THE 4TH
Lannister United Lionhearts batting - Pitching for Remsen Alphas : RHP Terao Kondo
Batting: RHB Adrian Barr 0-0: Ball
1-0: Ball
2-0: Called Strike
2-1: Called Strike
2-2: Foul Ball, location: 2F
2-2: Foul Ball, location: 2F
2-2: Ground out 4-3 (Groundball, 4)
Batting: RHB Jean Chamissa 0-0: Ball
1-0: Called Strike
1-1: Hit by Pitch
Batting: RHB Jonathan Widdop 0-0: SINGLE (Groundball, 6)
Jean Chamissa to second
Batting: RHB José Muñóz 0-0: Called Strike
0-1: Swinging Strike
0-2: Ball
1-2: Foul Ball, location: 2F
1-2: Foul Ball, location: 2F
1-2: Ball
2-2: Ball
3-2: Foul Ball, location: 2F
3-2: Foul Ball, location: 2F
3-2: Base on Balls
Jean Chamissa to third
Jonathan Widdop to second
Pitching: LHP Shawn Holliday
Batting: LHB António Rivera 0-0: Called Strike
0-1: Ball
1-1: Swinging Strike
1-2: Ball
2-2: Ball
3-2: SINGLE (Flyball, 89S)
Jean Chamissa scores
Jonathan Widdop to third
José Muñóz to second
Runner from 3rd tries for Home, SAFE, no throw or cutoff
Batting: RHB Andrew Weeks 0-0: Ball
José Muñóz steals 3rd base
António Rivera to second
1-0: Foul Ball, location: 2F
1-1: Ball
2-1: Ball
3-1: Base on Balls
Batting: RHB Jeffery Campbell 0-0: Foul Ball, location: 2F
0-1: Hit by Pitch
José Muñóz scores
António Rivera to third
Andrew Weeks to second
Batting: RHB Michael Hicks 0-0: Swinging Strike
0-1: Called Strike
0-2: Reached on error, E3 (Groundball, 34)
António Rivera scores
Andrew Weeks to third
Jeffery Campbell to second
Batting: RHB Arturo Read 0-0: Called Strike
0-1: Ball
1-1: Foul Ball, location: 2F
1-2: Strikes out looking
Batting: RHB Adrian Barr 0-0: Ball
1-0: Ball
2-0: Called Strike
2-1: Called Strike
2-2: Ball
3-2: Base on Balls
Andrew Weeks scores
Jeffery Campbell to third
Michael Hicks to second
Batting: RHB Jean Chamissa 0-0: Ball
1-0: Ball
2-0: Ball
3-0: Base on Balls
Jeffery Campbell scores
Michael Hicks to third
Adrian Barr to second
Batting: RHB Jonathan Widdop 0-0: Called Strike
0-1: Ball
1-1: Ball
2-1: Foul Ball, location: 2F
2-2: Ball
3-2: Base on Balls
Michael Hicks scores
Adrian Barr to third
Jean Chamissa to second
Pitching: LHP Jim Unknown
Batting: RHB José Muñóz 0-0: Ball
1-0: Called Strike
1-1: Called Strike
1-2: Ball
2-2: DOUBLE (Line Drive, 7LM)
Adrian Barr scores
Jean Chamissa scores
Jonathan Widdop to third
Batting: LHB António Rivera 0-0: Swinging Strike
0-1: Ball
1-1: Called Strike
1-2: Strikes out swinging
Top of the 4th over - 9 run(s), 3 hit(s), 1 error(s), 2 left on base; Lannister United 21 - Remsen 0
BOTTOM OF THE 4TH
Remsen Alphas batting - Pitching for Lannister United Lionhearts : RHP Enrique García
Batting: RHB Juan Salinas 0-0: Ball
1-0: Ground out 6-3 (Groundball, 6)
Batting: SHB Cliff Hale 0-0: Ball
1-0: Ball
2-0: Foul Ball, location: 2F
2-1: Ball
3-1: Base on Balls
Batting: RHB Manuel Martínez 0-0: Ball
1-0: Called Strike
1-1: Ball
2-1: Ball
3-1: Foul Ball, location: 2F
3-2: SINGLE (Groundball, 6D)
Cliff Hale to second
Batting: LHB Scott Britt 0-0: Fly out, F9 (Flyball, 89D)
Runner from 2nd tags up, SAFE at 3rd, no throw
Batting: RHB Francisco García 0-0: Called Strike
0-1: Swinging Strike
0-2: Ball
1-2: Foul Ball, location: 2F
1-2: Ball
2-2: Ball
3-2: Ground out 6-3 (Groundball, 6M)
Bottom of the 4th over - 0 run(s), 1 hit(s), 0 error(s), 2 left on base; Lannister United 21 - Remsen 0
TOP OF THE 5TH
Lannister United Lionhearts batting - Pitching for Remsen Alphas : LHP Jim Unknown
Batting: RHB Andrew Weeks 0-0: Fly out, F9 (Flyball, 9LM)
Batting: RHB Jeffery Campbell 0-0: Swinging Strike
0-1: Ball
1-1: Ball
2-1: Foul Ball, location: 2F
2-2: Strikes out looking
Batting: RHB Michael Hicks 0-0: Ball
1-0: Ball
2-0: Called Strike
2-1: Called Strike
2-2: Hit by Pitch
Batting: RHB Arturo Read 0-0: Ball
1-0: Swinging Strike
1-1: Fly out, F8 (Flyball, 8LS)
Top of the 5th over - 0 run(s), 0 hit(s), 0 error(s), 1 left on base; Lannister United 21 - Remsen 0
BOTTOM OF THE 5TH
Remsen Alphas batting - Pitching for Lannister United Lionhearts : RHP Enrique García
Batting: LHB Keith Alexander 0-0: SINGLE (Line Drive, 5L)
Batting: RHB Rafael Canseco 0-0: Swinging Strike
0-1: Swinging Strike
0-2: Ball
1-2: Strikes out swinging
Batting: RHB José Magana 0-0: Foul Ball, location: 2F
0-1: Called Strike
0-2: Ball
1-2: Strikes out swinging
Batting: SHB Antonio Vaccarini 0-0: Called Strike
0-1: Ball
1-1: Foul Ball, location: 2F
1-2: Ground out 6-3 (Groundball, 6)
Bottom of the 5th over - 0 run(s), 1 hit(s), 0 error(s), 1 left on base; Lannister United 21 - Remsen 0
TOP OF THE 6TH
Lannister United Lionhearts batting - Pitching for Remsen Alphas : LHP Jim Unknown
Batting: RHB Adrian Barr 0-0: Ball
1-0: Foul Ball, location: 2F
1-1: Ball
2-1: Swinging Strike
2-2: Foul Ball, location: 2F
2-2: Strikes out swinging
Batting: RHB Jean Chamissa 0-0: Ground out U3 (Groundball, 3L)
Batting: RHB Jonathan Widdop 0-0: Ball
1-0: SINGLE (Line Drive, 78S)
Batting: RHB José Muñóz 0-0: Ball
1-0: Called Strike
1-1: Called Strike
1-2: Ground out 1-3 (Groundball, 15S)
Top of the 6th over - 0 run(s), 1 hit(s), 0 error(s), 1 left on base; Lannister United 21 - Remsen 0
BOTTOM OF THE 6TH
Remsen Alphas batting - Pitching for Lannister United Lionhearts : RHP Enrique García
Pinch Hitting: RHB Jim Unknown 0-0: Ball
1-0: Ground out 6-3 (Groundball, 6)
Batting: SHB Cliff Hale 0-0: Called Strike
0-1: Foul Ball, location: 2F
0-2: Ball
1-2: Strikes out swinging
Batting: RHB Manuel Martínez 0-0: Called Strike
0-1: Ball
1-1: Swinging Strike
1-2: Fly out, F9 (Flyball, 89M)
Bottom of the 6th over - 0 run(s), 0 hit(s), 0 error(s), 0 left on base; Lannister United 21 - Remsen 0
TOP OF THE 7TH
Lannister United Lionhearts batting - Pitching for Remsen Alphas : LHP Jim Unknown
Now in RF: Jim Unknown
Batting: LHB António Rivera 0-0: Ball
1-0: Called Strike
1-1: Fly out, F9 (Flyball, 89M)
Pitching: RHP Walt Newell
Batting: RHB Andrew Weeks 0-0: Ball
1-0: Foul Ball, location: 2F
1-1: Foul Ball, location: 2F
1-2: Ball
2-2: Foul Ball, location: 2F
2-2: Ball
3-2: Foul Ball, location: 2F
3-2: Base on Balls
Batting: RHB Jeffery Campbell 0-0: Ball
1-0: Ball
Andrew Weeks steals 2nd base
2-0: Swinging Strike
2-1: Ball
3-1: Swinging Strike
3-2: SINGLE (Line Drive, 78S)
Andrew Weeks to third
Batting: RHB Michael Hicks 0-0: Called Strike
0-1: Foul Ball, location: 2F
0-2: Grounds into double play, 5-4-3 (Groundball, 56)
Top of the 7th over - 0 run(s), 1 hit(s), 0 error(s), 1 left on base; Lannister United 21 - Remsen 0
BOTTOM OF THE 7TH
Remsen Alphas batting - Pitching for Lannister United Lionhearts : RHP Enrique García
Batting: LHB Scott Britt 0-0: Ball
1-0: Called Strike
1-1: Ball
2-1: Foul Ball, location: 2F
2-2: Strikes out swinging
Batting: RHB Francisco García 0-0: Called Strike
0-1: Foul Ball, location: 2F
0-2: Strikes out swinging
Batting: LHB Keith Alexander 0-0: Ball
1-0: Called Strike
1-1: Fly out, F6 (Line Drive, 6)
Bottom of the 7th over - 0 run(s), 0 hit(s), 0 error(s), 0 left on base; Lannister United 21 - Remsen 0
TOP OF THE 8TH
Lannister United Lionhearts batting - Pitching for Remsen Alphas : RHP Walt Newell
Batting: RHB Arturo Read 0-0: Called Strike
0-1: Ball
1-1: Ball
2-1: Foul Ball, location: 2F
2-2: Foul Ball, location: 2F
2-2: Strikes out swinging
Batting: RHB Adrian Barr 0-0: Ball
1-0: SINGLE (Groundball, 34D) (infield hit)
Batting: RHB Jean Chamissa 0-0: Ball
1-0: Called Strike
1-1: SINGLE (Line Drive, 89S)
Adrian Barr to second
Batting: RHB Jonathan Widdop 0-0: Fly out, F8 (Flyball, 8LM)
Batting: RHB José Muñóz 0-0: Called Strike
0-1: Ball
1-1: Ball
2-1: Foul Ball, location: 2F
2-2: Fly out, F5 (Line Drive, 56)
Top of the 8th over - 0 run(s), 2 hit(s), 0 error(s), 2 left on base; Lannister United 21 - Remsen 0
BOTTOM OF THE 8TH
Remsen Alphas batting - Pitching for Lannister United Lionhearts : RHP Enrique García
Pinch Hitting: SHB Jim Unknown 0-0: Ball
1-0: SINGLE (Flyball, 6MD)
Batting: RHB José Magana 0-0: Swinging Strike
0-1: Swinging Strike
0-2: Ball
1-2: Ball
2-2: Foul Ball, location: 2F
2-2: SINGLE (Groundball, 56D)
Jim Unknown to second
Pitching: RHP Javier Dávila
Batting: SHB Antonio Vaccarini 0-0: Foul Ball, location: 2F
0-1: Ball
1-1: Foul Ball, location: 2F
1-2: Ball
2-2: Hit by Pitch
Jim Unknown to third
José Magana to second
Batting: RHB Jim Unknown 0-0: Called Strike
0-1: Ball
1-1: Ball
2-1: Fly out, F5 (Line Drive, 5)
Pinch Hitting: RHB Keith Blackwell 0-0: Swinging Strike
0-1: Ball
1-1: Ball
2-1: Foul Ball, location: 2F
2-2: Strikes out swinging
Batting: RHB Manuel Martínez 0-0: Ball
1-0: Swinging Strike
1-1: Called Strike
1-2: Fly out, F9 (Flyball, 89M)
Bottom of the 8th over - 0 run(s), 2 hit(s), 0 error(s), 3 left on base; Lannister United 21 - Remsen 0
TOP OF THE 9TH
Lannister United Lionhearts batting - Pitching for Remsen Alphas : RHP Walt Newell
Pitching: RHP Jim Unknown
Now at 1B: Jim Unknown
Now at 2B: Keith Blackwell
Batting: LHB António Rivera 0-0: Foul Ball, location: 2F
0-1: Ground out U3 (Groundball, 3)
Pitching: RHP Raúl Gálvez
Batting: RHB Andrew Weeks 0-0: Called Strike
0-1: Ball
1-1: Swinging Strike
1-2: Fly out, F8 (Flyball, 8RM)
Batting: RHB Jeffery Campbell 0-0: Called Strike
0-1: Called Strike
0-2: Strikes out looking
Top of the 9th over - 0 run(s), 0 hit(s), 0 error(s), 0 left on base; Lannister United 21 - Remsen 0
BOTTOM OF THE 9TH
Remsen Alphas batting - Pitching for Lannister United Lionhearts : RHP Javier Dávila
Batting: LHB Scott Britt 0-0: Ball
1-0: Ball
2-0: Foul Ball, location: 2F
2-1: Called Strike
2-2: Strikes out swinging
Batting: RHB Francisco García 0-0: Ball
1-0: Ball
2-0: Ball
3-0: Called Strike
3-1: Swinging Strike
3-2: Base on Balls
Batting: LHB Keith Alexander 0-0: Fielders Choice at 2nd, 6-4 (Groundball, 6M)
Batting: SHB Jim Unknown 0-0: Foul Ball, location: 2F
0-1: Ball
1-1: Foul Ball, location: 2F
1-2: Foul Ball, location: 2F
1-2: Ball
2-2: Strikes out swinging
Bottom of the 9th over - 0 run(s), 0 hit(s), 0 error(s), 1 left on base; Lannister United 21 - Remsen 0
This league is powered by Out of the Park Baseball, the baseball management simulation game for PC, Mac and Linux
Saturday, July 25th, 2015 - OOTP Baseball 15.6 Build 34